 Dungeon Crawl Stone Soup version 0.28.0-47-ge53b351184 (webtiles) character file.

Game seed: 7077777027151488347

420 nickcage the Gusty (level 6, -13/32 HPs)
             Began as a Deep Elf Air Elementalist on May 10, 2022.
             Mangled by a troll (16 damage)
             ... on level 5 of the Dungeon.
             The game lasted 00:07:58 (3835 turns).

nickcage the Gusty (Deep Elf Air Elementalist)      Turns: 3835, Time: 00:07:59

Health: -13/32     AC:  4    Str:  5    XL:     6   Next: 62%
Magic:  12/15      EV: 12    Int: 22    God:
Gold:   271        SH:  0    Dex: 15    Spells: 5/15 levels left

rFire   . . .      SeeInvis .   t - +0 short sword (flame)
rCold   + . .      Faith    .   (no shield)
rNeg    . . .      Spirit   .   a - +1 robe
rPois   .          Reflect  .   (no helmet)
rElec   .          Harm     .   (no cloak)
rCorr   .          Rampage  .   h - +0 pair of gloves
Will    .....                   (no boots)
Stlth   ++........              (no amulet)
HPRegen 0.10/turn               c - ring of protection from cold
MPRegen 0.14/turn               (no ring)

@: swift, very quick
A: no striking features
a: no special abilities


You were on level 5 of the Dungeon.
You visited 1 branch of the dungeon, and saw 5 of its levels.

You collected 271 gold pieces.

Inventory:

Hand Weapons
 b - a +0 mace of protection
 t - a +0 short sword of flaming (weapon)
Armour
 a - a +1 robe (worn)
 h - a +0 pair of gloves (worn)
Jewellery
 c - a ring of protection from cold (left hand)
Scrolls
 e - a scroll of enchant armour
 q - a scroll of summoning {unknown}
 r - a scroll of immolation {unknown}
 u - a scroll of amnesia {unknown}
 v - a scroll of fog {unknown}
Potions
 d - 2 potions of attraction {unknown}
 g - a potion of degeneration {unknown}
 i - a potion of cancellation {unknown}
 j - a potion of haste {unknown}
 k - 2 potions of curing {unknown}
 m - 2 potions of heal wounds {unknown}
 s - 2 potions of invisibility {unknown}
 w - a potion of ambrosia {unknown}


   Skills:
 - Level 2.4 Dodging
 - Level 2.4 Stealth
 - Level 5.1 Spellcasting
 * Level 1.3 Conjurations
 * Level 6.8 Air Magic


You had 5 spell levels left.
You knew the following spells:

 Your Spells              Type           Power      Damage    Failure   Level
a - Shock                 Conj/Air       92%        1d8       1%          1
b - Static Discharge      Conj/Air       23%        N/A       2%          2
c - Swiftness             Air            35%        N/A       1%          3
d - Airstrike             Air            17%        N/A       6%          4

Your spell library contained the following spells:

 Spells                   Type           Power      Damage    Failure   Level
 Beastly Appendage        Tmut           10%        N/A       10%         1
 Wereblood                Tmut           5%         N/A       16%         2
 Spider Form              Tmut/Pois      5%         N/A       30%         3
 Summon Ice Beast         Ice/Summ       5%         N/A       69%         4
 Summon Mana Viper        Hex/Summ       5%         N/A       95%         5
 Monstrous Menagerie      Summ           2%         N/A       100%        7


Dungeon Overview and Level Annotations

Branches:
Dungeon (5/15)
 Temple: D:4-7

Altars:
Kikubaaqudgha


Message History

You climb downwards.
You hear the sound of rushing water.
There is an entrance to a sewer on this level.
Hurry and find it before the portal rusts away!
Found a brown potion.
There is a stone staircase leading up here.
As you read the scroll labelled CICLEI MEX ALA, it crumbles to dust.
It is a scroll of enchant armour.
Your +0 robe glows green for a moment.
As you read the scroll labelled VETAER TUWK, it crumbles to dust.
It is a scroll of brand weapon.
Your +0 mace projects an invisible shield of force!
b - a +0 mace of protection
As you read the scroll labelled HOIHAKHA JOGHI, it crumbles to dust.
You assume a fearsome visage.
Nothing appears to happen.
It was a scroll of fear.
As you read the scroll labelled VUDDEO YNAQITH, it crumbles to dust.
You feel strangely unstable.
It was a scroll of teleportation.
As you read the scroll labelled ABAUR BANEABURCH, it crumbles to dust.
Your body is wracked with pain!
It was a scroll of torment.
As you read the scroll labelled BAON NO NASI, it crumbles to dust.
You feel aware of your surroundings.
You sensed 1 shop/portal.
It was a scroll of magic mapping.
Your surroundings suddenly seem different.
A troll, a hound, 2 snakes and a scorpion zombie come into view.
Okay, then.
The troll shouts!
The water moccasin hisses angrily.
The adder hisses angrily.
The hound barks!
The hound bites you. The hound bites you.
Casting: Shock (safe; 1% risk of failure)
Confirm with . or Enter, or press ? or * to list all spells.
You feel quick. The water moccasin misses you. The adder completely misses you.
The troll bites you!
* * * LOW HITPOINT WARNING * * *
The troll closely misses you. The troll barely misses you. The hound bites you.
* * * LOW HITPOINT WARNING * * *
A jelly comes into view.
The adder closely misses you. The troll bites you!
Ouch! That really hurt!
You die...

,,,,,,,,,,,,,,*,,,,,,*,**,,,,,,,,
,,,,.........##.,......,,,,,,,,,,
,,,,...........,,.......*,,,,,,,,
*,,,..........##*.......*********
*,,,........#..##.#.#...,,<******
*,,,..................#..,,,,,,,,
*,,,..........Z...........*******
*,*,,*#........T......#,#..######
*,*,,,,,,,#...Sh@#,,,,*,,#.......
*,,,,**,**#....S##,,,,,*,*#...<..
,,,,,**,*#......#*,,,*,,,*#......
,,,*,,,.........#*,,,*,........!.
,,,,,,..J.......#*****...........
,,,*,...........# *...........
,,**,...........# *...........
,,,,,......###### *#####......
**+*,,,,,,,* #######


You could see a troll, a water moccasin, a hound, an adder and a scorpion
zombie.

Vanquished Creatures
  Sigmund (D:3)
  A scorpion (D:4)
  A hound (D:4)
  An iguana (D:4)
  A gnoll (D:1)
  6 adders
  2 worms
  3 dart slugs
  4 orcs
  3 ball pythons (D:1)
  7 bats
  8 endoplasms
  2 giant cockroaches
  9 hobgoblins
  6 kobolds
  A quokka (D:4)
  6 frilled lizards
  4 goblins
  5 rats
71 creatures vanquished.

Notes
Turn   | Place    | Note
-------+----------+-------------------------------------------
     0 | D:1      | nickcage the Deep Elf Air Elementalist began the quest for
                  | the Orb.
     0 | D:1      | Reached XP level 1. HP: 10/10 MP: 6/6
   242 | D:1      | Reached XP level 2. HP: 15/15 MP: 4/8
   485 | D:1      | Reached skill level 4 in Air Magic
   668 | D:1      | Reached XP level 3. HP: 19/19 MP: 4/9
   671 | D:1      | Learned a level 2 spell: Static Discharge
   675 | D:1      | Learned a level 3 spell: Swiftness
  1446 | D:2      | Found an ancient bone altar of Kikubaaqudgha.
  1457 | D:2      | Reached skill level 5 in Air Magic
  1457 | D:2      | Reached XP level 4. HP: 21/24 MP: 4/10
  1817 | D:2      | You fall into a shaft and drop 1 floor!
  2605 | D:3      | Noticed Sigmund
  2615 | D:3      | Killed Sigmund
  2616 | D:3      | Reached skill level 6 in Air Magic
  2616 | D:3      | Reached XP level 5. HP: 15/28 MP: 2/13
  2616 | D:3      | Reached XP level 6. HP: 18/32 MP: 2/14
  2761 | D:3      | Learned a level 4 spell: Airstrike
  3306 | D:4      | Reached skill level 5 in Spellcasting
  3822 | D:5      | Entered Level 5 of the Dungeon
  3829 | D:5      | Noticed a troll
  3829 | D:5      | Noticed a water moccasin
  3835 | D:5      | Mangled by a troll

Illustrated notes

Levels and vault maps discovered:
D:1:      dpeg_arrival_pits, layout_rooms, minmay_pentomino_s4
D:2:      layout_loops_ring, basic_altar, minmay_misc_feat_chi
D:3:      layout_rooms, minmay_ruptured, uniq_sigmund
D:4:      layout_loops_ring, kennysheep_generic_room_7
D:5:      gammafunk_cloud_chamber, layout_rooms, portal_sewer_entry_c,
          uniq_prince_ribbit1

Skill      XL: |  1  2  3  4  5  6 |
---------------+-------------------+-----
Air Magic      | 4 5 6 |  6.8
Spellcasting   | 4 5 |  5.1
Dodging        | |  2.4
Stealth        | |  2.4
Conjurations   | |  1.3

Action                   |  1- 3 |  4- 6 || total
-------------------------+-------+-------++-------
Melee: Unarmed           |     2 |       ||     2
       Mace              |     5 |     1 ||     6
 Cast: Shock             |    88 |    80 ||   168
       Static Discharge  |       |     1 ||     1
       Swiftness         |       |     1 ||     1
  Use: Scroll            |       |     6 ||     6
 Stab: Sleeping          |       |     1 ||     1
Armor: Robe              |     2 |     1 ||     3
Dodge: Dodged            |    15 |    16 ||    31
